 Dungeon Crawl Stone Soup version 0.30.0-20-g3b4254fcbd (webtiles) character file.

Game seed: 14763698970032817977

29842 McKennaii the Fighter (level 13, -10/108 HPs)
             Began as a Demonspawn Fighter on June 2, 2023.
             Was an Elder of Qazlal.
             Mangled by a red ugly thing (18 damage)
             ... on level 14 of the Dungeon.
             The game lasted 00:27:52 (11939 turns).

McKennaii the Fighter (Demonspawn Fighter)         Turns: 11939, Time: 00:27:53

Health: -10/108    AC: 21    Str: 21    XL:     13   Next: 17%
Magic:  20/20      EV:  6    Int: 12    God:    Qazlal [****..]
Gold:   1155       SH: 19    Dex: 14    Spells: 12/12 levels left

rFire   . . .        J - +12 demon blade "Sete" {vamp, Stlth+}
rCold   + . .        c - +0 buckler
rNeg    . . .        L - +1 plate armour {rC+}
rPois   .            D - +2 hat {Int+3}
rElec   .            (no cloak)
rCorr   .            (no gloves)
SInv    .            T - +2 pair of boots
Will    +....        m - amulet of regeneration Stlth
                     o - ring of willpower
HPRegen 1.18/turn    S - +4 ring of slaying
MPRegen 0.17/turn

%: repel missiles
@: no status effects
A: antennae 1, large bone plates 3, powered by pain 1, condensation shield
a: Renounce Religion, Upheaval, Elemental Force


You were on level 14 of the Dungeon.
You worshipped Qazlal.
Qazlal was greatly pleased with you.
You visited 1 branch of the dungeon, and saw 14 of its levels.
You also visited: Sewer and Bailey.

You collected 1358 gold pieces.
You spent 203 gold pieces at shops.

Inventory:

Hand Weapons
 j - a +6 spear of freezing
 J - the +12 demon blade "Sete" (weapon) {vamp, Stlth+}
   (You found it on level 7 of the Dungeon)

   Stlth:     It makes you more stealthy.
Armour
 c - a +0 buckler (worn)
 D - a +2 hat of intelligence (worn)
 L - a +1 plate armour of cold resistance (worn)
 T - a +2 pair of boots (worn)
Jewellery
 h - a ring of protection from cold
 m - an amulet of regeneration (around neck)
 o - a ring of willpower (left hand)
 H - a ring of resist corrosion
 I - a +6 ring of strength
 P - a ring of wizardry
 S - a +4 ring of slaying (right hand)
Wands
 a - a wand of polymorph (5)
 w - a wand of iceblast (8)
 y - a wand of flame (22)
 M - a wand of digging (17)
 Q - a wand of paralysis (4)
Scrolls
 b - 3 scrolls of blinking
 f - 2 scrolls of fear
 k - 9 scrolls of teleportation
 q - a scroll of enchant weapon
 r - 2 scrolls of brand weapon
 x - a scroll of summoning
 A - 2 scrolls of vulnerability
 B - a scroll of acquirement
 C - 3 scrolls of amnesia
 F - a scroll of fog
 G - a scroll of silence
 N - 2 scrolls of magic mapping
 O - 2 scrolls of enchant armour
 R - a scroll of poison
Potions
 d - 2 potions of might
 e - 14 potions of heal wounds
 i - 2 potions of resistance
 l - 2 potions of magic
 n - 7 potions of haste
 p - 3 potions of invisibility
 s - a potion of attraction
 t - 5 potions of brilliance
 u - 4 potions of mutation
 v - a potion of lignification
 z - 2 potions of degeneration {unknown}
 E - 3 potions of cancellation {unknown}
 K - 2 potions of flight {unknown}


   Skills:
 + Level 12.1 Fighting
 - Level 8.0 Long Blades
 - Level 8.0 Polearms
 + Level 11.2 Armour
 - Level 6.3 Shields
 + Level 10.0 Invocations


You had 12 spell levels left.
You didn't know any spells.
Your spell library contained the following spells:

 Spells                   Type           Power      Damage    Failure   Level
 Beastly Appendage        Tmut           0%         N/A       99%         1
 Freeze                   Ice            0%         1d3       99%         1
 Magic Dart               Conj           0%         1d3       99%         1
 Blink                    Tloc           0%         N/A       100%        2
 Lesser Beckoning         Tloc           0%         N/A       100%        2
 Momentum Strike          Conj/Tloc      0%         3d8       100%        2
 Searing Ray              Conj           0%         2d4       100%        2
 Static Discharge         Conj/Air       0%         2-2/arc   100%        2
 Wereblood                Tmut           0%         N/A       100%        2
 Frozen Ramparts          Ice            0%         1d1       100%        3
 Hailstorm                Conj/Ice       0%         3d3       100%        3
 Ozocubu's Armour         Ice            0%         N/A       100%        3
 Spider Form              Tmut/Pois      0%         N/A       100%        3
 Airstrike                Air            0%         2d(0-16)  100%        4
 Fulminant Prism          Conj/Hex       0%         3d5       100%        4
 Summon Lightning Spire   Summ/Air       0%         N/A       100%        4
 Ozocubu's Refrigeration  Ice            0%         4d7       100%        7


Dungeon Overview and Level Annotations

Branches:
Dungeon (14/15)            Temple (0/1) D:7            Lair (0/5) D:10
    Orc (0/2) D:10         Vaults (0/5) D:13          Sewer (visited)
 Bailey (visited)

Altars:
Cheibriados
Fedhas
Gozag
Hepliaklqana
Nemelex Xobeh
Okawaru
Qazlal
Ru
Vehumet
Yredelemnul

Shops:
D:3 =   D:11 [   D:13 =


Innate Abilities, Weirdness & Mutations

You have a pair of small antennae on your head.
You are completely covered in large bone plates. (SH +8)
You sometimes gain a little power by taking damage.
A meltable shield of frost defends you. (SH +0)


Message History

The red ugly thing is heavily wounded.
The centaur warrior is engulfed in a thunderstorm.
You kill the centaur warrior!
Qazlal accepts your kill. You block the red ugly thing's attack.
The centaur wields a +0 shortbow.
The centaur shoots an arrow.
The arrow hits the human!
The human dies!
The brown ugly thing basks in the mutagenic energy from its kin and changes!
The red ugly thing kicks you but does no damage.
Unknown command.
Unknown command.
You slice the red ugly thing!!
The red ugly thing is almost dead.
The centaur shoots an arrow.
You block the arrow. The red ugly thing pecks you.
You are engulfed in flames!
The red ugly thing punches you.
You are engulfed in flames!
The white ugly thing is engulfed in freezing vapours.
The red ugly thing kicks you.
You are engulfed in flames!!
Unknown command.
You slice the red ugly thing!!
You feel better.
You kill the red ugly thing!
Qazlal accepts your kill.
The red ugly thing pecks you but does no damage.
The red ugly thing punches you but does no damage.
You block the red ugly thing's attack. The white ugly thing tail-slaps you.
The white ugly thing freezes you! You resist.
Your Invocations skill increases to level 10!
The vampire mosquito is engulfed in freezing vapours.
You block the red ugly thing's attack.
The vampire mosquito is engulfed in freezing vapours.
You block the red ugly thing's attack. The red ugly thing tail-slaps you!
* * * LOW HITPOINT WARNING * * *
You are engulfed in flames!
* * * LOW HITPOINT WARNING * * *
The brown ugly thing is engulfed in a thunderstorm.
The white ugly thing completely misses you.
The red ugly thing pecks you!
* * * LOW HITPOINT WARNING * * *
You are engulfed in flames!!
You die...

################
......uu@u§....#
?.....Vuuu§.....
...#...uyc......
##...........
#............
:.............
.......p.......
..........S~~...
.........~≈≈≈≈.


You could see 7 ugly things, a vampire, a vampire mosquito, a centaur, an
electric eel and a neutral human (wandering).

Vanquished Creatures
  Kirke (D:14)
  An ettin (D:13)
  A fire dragon (D:13)
  Erolcha (D:10)
  An ogre mage (D:12)
  6 centaur warriors
  Erica (D:8)
  A catoblepas (D:12)
  A two-headed ogre (D:11)
  2 boulder beetles (D:12)
  A tengu warrior (D:12)
  Lodul (D:10)
  A deep elf pyromancer (D:13)
  Pikel (D:6)
  2 ugly things (D:14)
  4 manticores
  2 cyclopes
  An elephant (shapeshifter) (D:13)
  Maurice (D:9)
  2 gargoyles
  Maggie (D:9)
  A komodo dragon (D:11)
  A kobold demonologist (D:10)
  An unseen horror (D:12)
  A tengu conjurer (D:13)
  2 trolls
  Grinder (Sewer)
  A hornet (D:8)
  A jumping spider (shapeshifter) (D:13)
  Prince Ribbit (D:5)
  A slime creature (D:12)
  A shadow (D:8)
  A wyvern (D:8)
  A wraith (D:11)
  5 yaks (D:8)
  4 hogs (D:14)
  Eustachio (D:5)
  4 steam dragons
  A warg (D:10)
  Menkaure (D:5)
  6 vampire mosquitoes
  4 acid dragons
  A water moccasin (D:9)
  A sky beast (D:8)
  3 black bears
  8 orc warriors
  8 ogres
  13 centaurs
  A phantom (D:5)
  3 kobold brigands
  4 bullfrogs
  3 scorpions
  6 wights
  25 killer bees
  4 howler monkeys
  5 jellies
  A quasit (Sewer)
  4 hounds
  8 orc priests
  2 sleepcaps
  Crazy Yiuf (D:2)
  Ijyb (D:4)
  12 orc wizards
  2 iguanas
  20 gnolls
  2 river rats (D:4)
  5 adders
  3 shadow imps
  2 white imps
  4 ufetubi
  A worm (D:4)
  3 dart slugs
  55 orcs
  4 bats
  A bat zombie (Sewer)
  11 endoplasms
  6 giant cockroaches
  5 goblins
  7 hobgoblins
  6 quokkas
  15 ball pythons
  4 frilled lizards
  A giant cockroach zombie (Sewer)
  23 kobolds
  2 kobold zombies (Sewer)
  5 rats
374 creatures vanquished.

Vanquished Creatures (collateral kills)
  A hydra (D:13)
1 creature vanquished.

Vanquished Creatures (others)
  A human (D:14)
  A bat zombie (Sewer)
  2 kobold zombies (Sewer)
4 creatures vanquished.

Grand Total: 379 creatures vanquished

Notes
Turn   | Place    | Note
-------+----------+-------------------------------------------
     0 | D:1      | McKennaii the Demonspawn Fighter began the quest for the
                  | Orb.
     0 | D:1      | Reached XP level 1. HP: 18/18 MP: 1/1
   147 | D:1      | Gained mutation: You are partially covered in large bone
                  | plates. (SH +4) [demonic ancestry]
   147 | D:1      | Reached XP level 2. HP: 24/24 MP: 2/2
   594 | D:2      | Gained mutation: You sometimes gain a little power by
                  | taking damage. [demonic ancestry]
   594 | D:2      | Reached XP level 3. HP: 29/29 MP: 3/3
   997 | D:2      | Gained mutation: You have a pair of small antennae on your
                  | head. [demonic ancestry]
   997 | D:2      | Reached XP level 4. HP: 31/35 MP: 4/4
  1178 | D:2      | Found a runed translucent door.
  1179 | D:2      | Noticed Crazy Yiuf
  1663 | D:3      | Noticed a black bear
  1728 | D:3      | Found Bela's One-of-a-Kind Rings.
  1885 | D:3      | Reached XP level 5. HP: 25/42 MP: 5/5
  2035 | D:3      | Killed a black bear
  2036 | D:3      | Reached skill level 4 in Fighting
  2265 | D:3      | Gained mutation: A meltable shield of frost defends you.
                  | (SH +0) [demonic ancestry]
  2265 | D:3      | Reached XP level 6. HP: 48/48 MP: 6/6
  2876 | D:4      | Found a glowing drain.
  2894 | Sewer    | Entered a sewer
  3012 | Sewer    | Gained mutation: You are mostly covered in large bone
                  | plates. (SH +6) [demonic ancestry]
  3012 | Sewer    | Reached XP level 7. HP: 41/55 MP: 7/7
  3026 | Sewer    | Found a burning altar of Makhleb.
  3139 | Sewer    | Reached skill level 5 in Fighting
  3203 | Sewer    | Noticed Grinder
  3222 | Sewer    | Paralysed by Grinder for 4 turns
  3239 | Sewer    | Killed Grinder
  3445 | D:4      | Noticed Ijyb
  3464 | D:4      | Killed Ijyb
  3635 | D:4      | Reached skill level 5 in Armour
  3652 | D:4      | Reached XP level 8. HP: 53/63 MP: 8/8
  3657 | D:4      | Reached skill level 5 in Shields
  3856 | D:4      | Found a blossoming altar of Fedhas.
  3856 | D:4      | Found a sparkling altar of Nemelex Xobeh.
  3864 | D:4      | Found a faded altar of an unknown god.
  3868 | D:4      | Found a basalt altar of Yredelemnul.
  3958 | D:5      | Entered Level 5 of the Dungeon
  3958 | D:5      | Found a snail-covered altar of Cheibriados.
  4150 | D:5      | Reached skill level 5 in Polearms
  4165 | D:5      | Noticed Eustachio
  4195 | D:5      | Killed Eustachio
  4196 | D:5      | Reached skill level 6 in Fighting
  4342 | D:5      | Noticed Prince Ribbit
  4500 | D:5      | Killed Prince Ribbit
  4545 | D:5      | Found a radiant altar of Vehumet.
  4548 | D:5      | Found a stormy altar of Qazlal.
  4616 | D:5      | Became a worshipper of Qazlal Stormbringer
  4661 | D:5      | Noticed Menkaure
  4673 | D:5      | Killed Menkaure
  4685 | D:5      | Reached XP level 9. HP: 64/71 MP: 9/9
  4919 | D:2      | Killed Crazy Yiuf
  5126 | D:6      | You fall into a shaft and drop 1 floor!
  5185 | D:7      | Found a flagged portal.
  5196 | Bailey   | Entered a bailey
  5370 | Bailey   | Reached * piety under Qazlal
  5371 | Bailey   | Reached skill level 7 in Fighting
  5901 | D:7      | Found an iron altar of Okawaru.
  5904 | D:7      | Found an opulent altar of Gozag.
  5907 | D:7      | Found a sacrificial altar of Ru.
  6006 | D:7      | Identified the +12 demon blade "Sete" {vamp, Stlth+}
  6138 | D:7      | Found a staircase to the Ecumenical Temple.
  6318 | D:6      | Noticed Pikel
  6326 | D:6      | Killed Pikel
  6327 | D:6      | Reached skill level 1 in Long Blades
  7173 | D:8      | Gained mutation: You are completely covered in large bone
                  | plates. (SH +8) [demonic ancestry]
  7173 | D:8      | Reached XP level 10. HP: 67/80 MP: 10/10
  7210 | D:8      | Noticed Erica
  7222 | D:8      | Reached skill level 8 in Fighting
  7233 | D:8      | Killed Erica
  7770 | D:8      | Reached ** piety under Qazlal
  7820 | D:8      | Noticed a centaur warrior
  7826 | D:8      | Killed a centaur warrior
  7931 | D:8      | Reached skill level 9 in Fighting
  8072 | D:9      | Reached XP level 11. HP: 89/89 MP: 11/11
  8101 | D:9      | Noticed Maurice
  8109 | D:9      | Killed Maurice
  8199 | D:9      | Reached *** piety under Qazlal
  8241 | D:9      | Reached skill level 5 in Long Blades
  8272 | D:9      | Found a hazy altar of Hepliaklqana.
  8574 | D:9      | Noticed Maggie
  8582 | D:9      | Killed Maggie
  8732 | D:10     | Entered Level 10 of the Dungeon
  8733 | D:10     | Found a staircase to the Lair.
  8810 | D:10     | Reached skill level 1 in Invocations
  8840 | D:10     | Reached **** piety under Qazlal
  8843 | D:10     | Noticed Lodul
  8863 | D:10     | Killed Lodul
  8888 | D:10     | Found a staircase to the Orcish Mines.
  9261 | D:10     | Noticed Erolcha
  9270 | D:10     | Killed Erolcha
  9271 | D:10     | Reached skill level 10 in Fighting
  9659 | D:11     | Found Yluss's Antique Armour Emporium.
  9667 | D:11     | Bought a runed hat for 203 gold pieces
  9946 | D:11     | Reached skill level 5 in Invocations
 10274 | D:12     | Noticed a two-headed ogre
 10287 | D:11     | Killed a two-headed ogre
 10428 | D:12     | Reached XP level 12. HP: 98/98 MP: 16/16
 10749 | D:12     | Noticed a tengu warrior
 10770 | D:12     | Killed a tengu warrior
 10805 | D:12     | Reached skill level 10 in Armour
 10837 | D:12     | Noticed an ogre mage
 10843 | D:12     | Killed an ogre mage
 10843 | D:12     | Noticed a boulder beetle
 10850 | D:12     | Noticed a catoblepas
 10852 | D:12     | Noticed a boulder beetle
 10861 | D:12     | Killed a catoblepas
 10862 | D:12     | Reached skill level 11 in Fighting
 10879 | D:12     | Killed a boulder beetle
 10908 | D:12     | Killed a boulder beetle
 11166 | D:13     | Noticed a centaur warrior
 11178 | D:13     | Killed a centaur warrior
 11194 | D:13     | Noticed a centaur warrior
 11201 | D:13     | Killed a centaur warrior
 11254 | D:13     | Noticed a centaur warrior
 11263 | D:13     | Killed a centaur warrior
 11360 | D:13     | Noticed a fire dragon
 11377 | D:13     | Killed a fire dragon
 11441 | D:13     | Identified the +3 falchion of Roomynin {flame, rF+ Will-
                  | Dex+4}
 11443 | D:13     | Noticed a six-headed hydra
 11472 | D:13     | Killed a six-headed hydra
 11620 | D:13     | Found Covist's Jewellery Shoppe.
 11620 | D:13     | Noticed a tengu warrior
 11649 | D:13     | Noticed a centaur warrior
 11660 | D:13     | Killed a centaur warrior
 11797 | D:13     | Noticed an ettin
 11804 | D:13     | Killed an ettin
 11811 | D:13     | Found a gate to the Vaults.
 11918 | D:14     | Noticed Kirke
 11921 | D:14     | Noticed a centaur warrior
 11923 | D:14     | Reached XP level 13. HP: 81/107 MP: 18/20
 11935 | D:14     | Reached skill level 12 in Fighting
 11935 | D:14     | Killed Kirke
 11939 | D:14     | Reached skill level 10 in Invocations
 11939 | D:14     | Mangled by a red ugly thing

Illustrated notes

Levels and vault maps discovered:
D:1:      eino_arrival_druids_welcome, layout_rooms
D:2:      layout_loops_ring, corexii_corridor_pit, uniq_crazy_yiuf_cottage
D:3:      minmay_razor_zed, layout_rooms, nicolae_shop_unique_rings,
          nicolae_titane
D:4:      layout_cave_pods, chequers_temple_overflow_minitemple,
          portal_sewer_entry_e, uniq_ijyb
D:5:      layout_rooms, kennysheep_slug_shrine, minitemple, uniq_prince_ribbit1,
          uniq_eustachio, uniq_menkaure
D:6:      layout_loops_corners, serial_glass, glass_columns_b, glass_columns_b,
          uniq_pikel
D:7:      layout_basic, grunt_temple_overflow_diamond,
          minmay_temple_entry_fiery, enter_bailey_6
D:8:      kennysheep_windowed_halls, layout_basic, grunt_ministairs_12,
          uniq_erica
D:9:      layout_roguey, lemuel_tele_altar, uniq_maggie, uniq_maurice
D:10:     layout_cave_pods, lair_entry_dummy, erik_orc_4, uniq_erolcha,
          uniq_lodul
D:11:     layout_loops_ring, serial_shops, shop
D:12:     layout_basic, minmay_the_grid_2x2 [minmay_the_grid_holed_spiral,
          minmay_the_grid_gridbox, minmay_the_grid_spikes,
          minmay_the_grid_prize_inner_circle]
D:13:     layout_long_grid, david_vaults_4, serial_shops,
          nicolae_take_the_stairs
D:14:     layout_big_octagon, serial_shops, bzr_entry_water,
          minmay_misc_feat_alley, uniq_kirke

Skill      XL: |  1  2  3  4  5  6  7  8  9 10 11 12 13 |
---------------+----------------------------------------+-----
Polearms       | 2 3 4 5 6 8 |  8.0
Armour         | 3 4 5 6 7 8 9 11 | 11.2
Shields        | 3 4 6 |  6.3
Fighting       | 4 5 6 7 9 10 11 12 | 12.1
Long Blades    | 2 4 6 8 |  8.0
Invocations    | 5 9 10 | 10.0

Action                     |  1- 3 |  4- 6 |  7- 9 | 10-12 | 13-15 || total
---------------------------+-------+-------+-------+-------+-------++-------
  Melee: Trident           |   113 |   282 |   415 |       |       ||   810
         Halberd           |       |       |    62 |       |       ||    62
         Demon blade       |       |       |    49 |   560 |    16 ||   625
         Spear             |       |       |       |     2 |       ||     2
 Invoke: Elemental Force   |       |       |       |     1 |       ||     1
  Evoke: Wand              |       |       |     1 |     6 |       ||     7
    Use: Scroll            |       |    10 |     1 |    14 |       ||    25
         Potion            |       |       |     1 |       |       ||     1
   Stab: Distracted        |       |       |     1 |     1 |       ||     2
         Petrified         |       |       |       |     9 |       ||     9
         Paralysed         |       |       |       |     2 |       ||     2
 Armour: Scale mail        |    20 |       |       |       |       ||    20
         Chain mail        |     6 |   113 |   170 |    66 |       ||   355
         Plate armour      |       |       |       |   110 |    14 ||   124
  Dodge: Dodged            |    33 |    73 |   107 |    99 |     4 ||   316
         Repelled          |       |     3 |       |     3 |       ||     6
  Block: Buckler           |    30 |   165 |   404 |   598 |    34 ||  1231
         Other             |       |       |    35 |       |       ||    35
